 Dungeon Crawl Stone Soup version 0.31-a0-986-g5e6e4ef867 (console) character file.

Game seed: 16678299390416112163

98591 jejorda2 the Cleaver (level 16, -20/129 HPs)
             Began as a Gnoll Berserker on Nov 20, 2023.
             Was a High Priest of Trog.
             Killed from afar by a deep elf zephyrmancer (42 damage)
             ... with a bolt of lightning
             ... on level 1 of the Orcish Mines on Nov 21, 2023.
             The game lasted 01:08:49 (22335 turns).

jejorda2 the Cleaver (Gnoll Berserker)             Turns: 22335, Time: 01:08:49

Health: -20/129    AC: 37    Str: 24    XL:     16   Next: 22%
Magic:  30/30      EV:  7    Int:  8    God:    Trog [*****.]
Gold:   1274       SH: 18    Dex: 11    Spells: 36/36 levels left

rFire   . . .        a - +4 war axe (flame)
rCold   + . .        M - +2 kite shield {rPois}
rNeg    . . .        c - +2 crystal plate armour {rC+}
rPois   +            t - +1 helmet
rElec   .            y - +2 cloak {rCorr}
rCorr   +            (no gloves)
SInv    +            u - +2 pair of boots of Lethargy {Will+}
Will    ++++.        O - amulet "Okkagroj" {Reflect +Inv SH+5 SInv}
Stlth   x              - +4 ring of protection
HPRegen 1.41/turn    H - +4 ring of slaying
MPRegen 0.22/turn

%: reflection
@: strong-willed, on berserk cooldown, regenerating
A: fangs 1, strong nose, distributed training
a: Renounce Religion, Evoke Invisibility, Berserk, Trog's Hand, Brothers in Arms


You were on level 1 of the Orcish Mines.
You worshipped Trog.
Trog was extremely pleased with you.
You visited 3 branches of the dungeon, and saw 21 of its levels.
You also visited: Sewer, Bailey, Gauntlet and Ice Cave.

You collected 2312 gold pieces.
You spent 1038 gold pieces at shops.

Inventory:

Hand Weapons
 a - a +4 war axe of flaming (weapon)
 b - the +7 hammer of the Turnip {protect, rF+}
   (You found it on level 2 of the Dungeon)

   rF+:       It protects you from fire.
 R - a +0 broad axe
Missiles
 i - 4 throwing nets
 j - 36 poisoned darts
 z - 2 javelins (quivered)
 P - 7 silver javelins
Armour
 c - a +2 crystal plate armour of cold resistance (worn)
 t - a +1 helmet (worn)
 u - the +2 pair of boots of Lethargy (worn) {Will+}
   (You bought it in a shop on level 4 of the Dungeon)

   Will+:     It increases your willpower.
 y - a +2 cloak of preservation (worn)
 M - a +2 kite shield of poison resistance (worn)
Jewellery
 k - a ring of fire
 n - a ring of flight
 x - a +4 ring of protection (left hand)
 H - a +4 ring of slaying (right hand)
 N - a ring of fire
 O - the amulet "Okkagroj" (around neck) {Reflect +Inv SH+5 SInv}
   (You acquired it on level 13 of the Dungeon)

   [amulet of reflection]

   Reflect:   It reflects blocked missile attacks.
   SInv:      It lets you see invisible.
   +Inv:      It lets you turn invisible.
   SH+5:      It affects your SH (+5).
 Q - a ring of ice
Wands
 e - a wand of flame (19)
 g - a wand of polymorph (21)
 s - a wand of charming (27)
 w - a wand of roots (15)
 B - a wand of mindburst (9)
 K - a wand of light (4)
Scrolls
 d - 2 scrolls of blinking
 l - 13 scrolls of teleportation
 v - 4 scrolls of immolation
 F - a scroll of butterflies
 I - a scroll of identify
 L - a scroll of fog
 S - a scroll of poison
 T - a scroll of revelation
Potions
 f - 12 potions of heal wounds
 h - 5 potions of haste
 m - 5 potions of enlightenment
 o - 10 potions of curing
 p - a potion of berserk rage
 q - 2 potions of lignification
 r - 2 potions of cancellation
 A - a potion of attraction
 C - 2 potions of might
 D - 2 potions of ambrosia
 E - 6 potions of invisibility
 G - 9 potions of mutation
 J - 3 potions of brilliance


   Skills:
 + Level 12.6 Fighting
 + Level 10.9 Short Blades
 + Level 10.9 Long Blades
 + Level 12.6 Axes
 + Level 10.9 Maces & Flails
 + Level 10.9 Polearms
 + Level 10.9 Staves
 + Level 10.9 Ranged Weapons
 + Level 10.9 Throwing
 + Level 11.8 Armour
 + Level 11.8 Dodging
 + Level 10.9 Stealth
 + Level 10.9 Shields
 + Level 10.9 Unarmed Combat
 + Level 10.9 Spellcasting
 + Level 9.2 Conjurations
 + Level 9.2 Hexes
 + Level 9.2 Summonings
 + Level 9.2 Necromancy
 + Level 9.2 Translocations
 + Level 9.2 Transmutations
 + Level 9.2 Fire Magic
 + Level 9.2 Ice Magic
 + Level 9.2 Air Magic
 + Level 9.2 Earth Magic
 + Level 9.2 Poison Magic
 + Level 11.9 Invocations
 + Level 10.9 Evocations
 + Level 10.0 Shapeshifting


You had 36 spell levels left.
You didn't know any spells.
Your spell library was empty.

Dungeon Overview and Level Annotations

Branches:
Dungeon (15/15)            Temple (0/1) D:5            Lair (5/5) D:8
 Shoals (0/4) Lair:2        Snake (0/4) Lair:2        Slime (0/5) Lair:5
    Orc (1/2) D:11         Vaults (0/5) D:13         Depths (0/4) D:15
  Sewer (visited)          Bailey (visited)           IceCv (visited)
Gauntlet (visited)

Altars:
Elyvilon
Fedhas
Kikubaaqudgha
Nemelex Xobeh
Ru
Trog
Vehumet
Wu Jian
Zin
The Shining One
Jiyva

Shops:
D:4 [   D:6 [   D:10 !


Innate Abilities, Weirdness & Mutations

You have very sharp teeth.
Your uncanny sense of smell can sniff out nearby items.
Your experience applies equally to all skills.


Message History

You hit the fire elemental but do no damage.
The fire elemental hits you. The fire elemental burns you!
The deep elf pyromancer mumbles some strange words.
The deep elf zephyrmancer gestures wildly while chanting.
The deep elf zephyrmancer blinks!
The deep elf pyromancer hits you but does no damage.
You block the fire elemental's attack.
The deep elf zephyrmancer points at you and mumbles some strange words.
The bolt of lightning hits you!!
You block the deep elf pyromancer's attack.
The deep elf pyromancer points at you and mumbles some strange words.
The bolt of fire hits the orc!!
The orc dies!
The bolt of fire hits the fire elemental.
The fire elemental completely resists.
The bolt of fire hits you! You block the fire elemental's attack.
The deep elf pyromancer gestures wildly while chanting.
The deep elf pyromancer blinks!
You block the fire elemental's attack.
The deep elf zephyrmancer mumbles some strange words.
The deep elf zephyrmancer blinks!
The deep elf pyromancer gestures at you while chanting.
The bolt of fire hits you but does no damage.
The deep elf zephyrmancer gestures at you while chanting.
The bolt of lightning hits the fire elemental!
The fire elemental resists.
The bolt of lightning hits the fire elemental.
The fire elemental resists.
The bolt of lightning hits you!!
* * * LOW HITPOINT WARNING * * *
The deep elf pyromancer casts a spell at you.
The bolt of fire hits you but does no damage.
You block the fire elemental's attack.
Your skin crawls.
You feel strong-willed.
You feel yourself speed up. You block the fire elemental's attack.
The deep elf zephyrmancer gestures at you while chanting.
The bolt of lightning hits the fire elemental!
The fire elemental resists.
The bolt of lightning hits the fire elemental!
The fire elemental resists.
The bolt of lightning hits you!!!
You die...

#..#...# ###...###
#...))..####
#####..#)[..##.##
#..#....###)....##
#.<...[.#.......#
#....e.##.....###
##....##....###
#.#.@.....#.#
####eE....###
##.#.TE...#
#......°e.###
#.....#.°○..####
#....###oe°..#.##
......###o)e○....#
###....##)##...#.##
..>...#))○.§...##


You could see 2 deep elf pyromancers, 3 deep elf zephyrmancers, a troll, 2 fire
elementals, an orc warrior and an orc.

Vanquished Creatures
  Rupert (D:12)
  Jorgrun (D:15)
  Gastronok (D:8)
  A fire giant (D:14)
  A frost giant (IceCv)
  An orc warlord (Orc:1)
  A minotaur (Gauntlet)
  A dire elephant (D:15)
  A fire dragon (D:15)
  Fannar (Lair:2)
  Harold (D:11)
  7 hydras
  A merfolk avatar (Lair:5)
  A vault guard (D:13)
  A catoblepas (Lair:5)
  5 death yaks
  3 alligators (Lair:3)
  A two-headed ogre (D:9)
  A death knight (D:14)
  3 tengu warriors
  A centaur warrior (D:13)
  4 boulder beetles
  Urug (Lair:2)
  Nergalle (Lair:2)
  2 skysharks
  A fire crab (shapeshifter) (D:14)
  A goliath frog (Lair:3)
  A salamander mystic (D:15)
  An orc knight (Orc:1)
  Pikel (D:4)
  A deep elf zephyrmancer (Orc:1)
  4 deep elf pyromancers
  2 harpies (Lair:5)
  2 oklob plants
  2 orc sorcerers
  A wolf spider (Lair:1)
  13 ugly things
  5 manticores
  4 black mambas
  Joseph (Lair:1)
  2 cyclopes
  5 elephants (Lair:5)
  An ice statue (IceCv)
  A gargoyle (D:13)
  Maurice (D:11)
  15 cane toads
  3 unseen horrors
  14 komodo dragons
  Jeremiah (D:8)
  Maggie (D:8)
  A kobold demonologist (Bailey)
  4 rime drakes
  4 freezing wraiths
  3 tengu conjurers
  4 trolls
  A tyrant leech (Lair:3)
  3 wind drakes (Lair:5)
  2 meliai (D:14)
  19 polar bears
  10 blink frogs
  2 hornets
  9 slime creatures
  Sigmund (D:4)
  A shadow (D:13)
  A yak (shapeshifter) (D:13)
  A vampire (D:14)
  4 wraiths
  5 humans (D:13)
  2 steam dragons
  6 wyverns
  57 yaks
  8 basilisks
  A chaos spawn (Gauntlet)
  A neqoxec (Gauntlet)
  2 wargs (Orc:1)
  3 swamp worms (Lair:3)
  10 vampire mosquitoes
  Edmund (D:5)
  2 acid dragons
  15 water moccasins
  A swamp drake (Lair:3)
  21 orc warriors
  2 ice beasts
  2 sky beasts
  3 black bears
  3 ogres
  38 wolves
  A centaur (D:5)
  3 phantoms
  A small abomination (Gauntlet)
  5 kobold brigands
  12 bullfrogs
  A gnoll sergeant (D:8)
  3 scorpions
  A cane toad simulacrum (Lair:1)
  12 wights
  11 killer bees
  4 howler monkeys (D:12)
  5 electric eels (Bailey)
  2 hounds
  2 jellies
  9 orc priests
  2 sleepcaps (D:5)
  7 iguanas
  Crazy Yiuf (D:2)
  10 orc wizards
  6 hell rats (Lair:1)
  A wolf simulacrum (Lair:1)
  Robin (D:4)
  3 adders
  8 gnolls
  A river rat (Sewer)
  A shadow imp (D:6)
  3 white imps
  6 ufetubi
  A worm (D:2)
  3 dart slugs (D:1)
  21 orcs
  4 ball pythons
  3 endoplasms
  3 giant cockroaches
  14 hobgoblins
  15 jackals
  18 kobolds
  3 quokkas
  5 bats
  A frilled lizard (D:1)
  22 goblins
  10 rats
625 creatures vanquished.

Vanquished Creatures (collateral kills)
  2 vault guards (D:13)
  A death yak (Lair:1)
  4 yaks (Lair:1)
  3 humans (D:13)
10 creatures vanquished.

Vanquished Creatures (others)
  A polar bear (IceCv)
  A vampire (D:12)
  A human (D:13)
  An orc wizard (D:7)
  2 human simulacra (D:9)
  2 orcs
  A goblin (Bailey)
9 creatures vanquished.

Grand Total: 644 creatures vanquished

Notes
Turn   | Place    | Note
-------+----------+-------------------------------------------
     0 | D:1      | jejorda2 the Gnoll Berserker began the quest for the Orb.
     0 | D:1      | Reached XP level 1. HP: 23/23 MP: 1/1
    54 | D:1      | Reached XP level 2. HP: 29/29 MP: 2/2
   242 | D:1      | Reached XP level 3. HP: 35/35 MP: 3/3
   555 | D:2      | Reached skill level 1 in Invocations
   623 | D:2      | Reached ** piety under Trog
   675 | D:2      | Reached skill level 1 in Short Blades
   675 | D:2      | Reached skill level 1 in Long Blades
   675 | D:2      | Reached skill level 1 in Maces & Flails
   675 | D:2      | Reached skill level 1 in Polearms
   675 | D:2      | Reached skill level 1 in Staves
   675 | D:2      | Reached skill level 1 in Ranged Weapons
   675 | D:2      | Reached skill level 1 in Throwing
   675 | D:2      | Reached skill level 1 in Stealth
   675 | D:2      | Reached skill level 1 in Shields
   675 | D:2      | Reached skill level 1 in Unarmed Combat
   675 | D:2      | Reached skill level 1 in Spellcasting
   675 | D:2      | Reached skill level 1 in Evocations
   793 | D:2      | Identified the +9 falchion of Welfare {freeze, Int+2}
   823 | D:2      | Reached XP level 4. HP: 41/41 MP: 5/5
   869 | D:2      | Found a glowing silver altar of Zin.
  1020 | D:2      | Reached skill level 1 in Shapeshifting
  1181 | D:2      | Found a runed translucent door.
  1184 | D:2      | Noticed Crazy Yiuf
  1191 | D:2      | Killed Crazy Yiuf
  1192 | D:2      | Reached skill level 1 in Conjurations
  1192 | D:2      | Reached skill level 1 in Hexes
  1192 | D:2      | Reached skill level 1 in Summonings
  1192 | D:2      | Reached skill level 1 in Necromancy
  1192 | D:2      | Reached skill level 1 in Translocations
  1192 | D:2      | Reached skill level 1 in Transmutations
  1192 | D:2      | Reached skill level 1 in Fire Magic
  1192 | D:2      | Reached skill level 1 in Ice Magic
  1192 | D:2      | Reached skill level 1 in Air Magic
  1192 | D:2      | Reached skill level 1 in Earth Magic
  1192 | D:2      | Reached skill level 1 in Poison Magic
  1247 | D:2      | Identified the +7 hammer of the Turnip {protect, rF+}
  1482 | D:3      | Found a glowing drain.
  1486 | Sewer    | Entered a sewer
  1546 | Sewer    | Noticed a kobold brigand
  1550 | Sewer    | Noticed a kobold brigand
  1564 | Sewer    | Killed a kobold brigand
  1565 | Sewer    | Reached XP level 5. HP: 36/47 MP: 5/7
  1574 | Sewer    | Killed a kobold brigand
  1575 | Sewer    | Reached XP level 6. HP: 35/53 MP: 5/8
  1651 | Sewer    | Found a white marble altar of Elyvilon.
  1875 | D:3      | Found a sparkling altar of Nemelex Xobeh.
  2035 | D:3      | Reached skill level 5 in Armour
  2035 | D:3      | Reached skill level 5 in Dodging
  2349 | D:4      | Noticed Sigmund
  2357 | D:4      | Killed Sigmund
  2358 | D:4      | Reached XP level 7. HP: 50/59 MP: 10/10
  2489 | D:4      | Noticed Pikel
  2506 | D:4      | Killed Pikel
  2507 | D:4      | Reached XP level 8. HP: 67/67 MP: 10/12
  2618 | D:4      | Found Ukaqumoi's Armour Emporium.
  2964 | D:4      | Noticed Robin
  2969 | D:4      | Reached *** piety under Trog
  2976 | D:4      | Killed Robin
  3025 | D:4      | Bought the +2 pair of boots of Lethargy {Will+} for 298
                  | gold pieces
  3122 | D:4      | Found a bloodstained altar of Trog.
  3426 | D:5      | Entered Level 5 of the Dungeon
  3723 | D:5      | Found a staircase to the Ecumenical Temple.
  3812 | D:5      | Noticed Edmund
  3829 | D:5      | Killed Edmund
  3909 | D:5      | Noticed a yak
  3915 | D:5      | Noticed a yak
  3917 | D:5      | Noticed a yak
  3918 | D:5      | Killed a yak
  3919 | D:5      | Reached XP level 9. HP: 70/73 MP: 14/14
  4571 | D:6      | Found Vemer's Antique Armour Shop.
  4791 | D:6      | Reached skill level 5 in Invocations
  5450 | D:7      | Reached XP level 10. HP: 73/80 MP: 17/17
  5479 | D:7      | Reached skill level 5 in Short Blades
  5479 | D:7      | Reached skill level 5 in Long Blades
  5479 | D:7      | Reached skill level 5 in Maces & Flails
  5479 | D:7      | Reached skill level 5 in Polearms
  5479 | D:7      | Reached skill level 5 in Staves
  5479 | D:7      | Reached skill level 5 in Ranged Weapons
  5479 | D:7      | Reached skill level 5 in Throwing
  5479 | D:7      | Reached skill level 5 in Stealth
  5479 | D:7      | Reached skill level 5 in Shields
  5479 | D:7      | Reached skill level 5 in Unarmed Combat
  5479 | D:7      | Reached skill level 5 in Spellcasting
  5479 | D:7      | Reached skill level 5 in Evocations
  6086 | D:8      | Found a flagged portal.
  6160 | Bailey   | Entered a bailey
  6328 | Bailey   | Reached **** piety under Trog
  6378 | Bailey   | Acquired 599 gold pieces
  6481 | Bailey   | Found an iron altar of Okawaru.
  6481 | Bailey   | Noticed an orc sorcerer
  6481 | Bailey   | Noticed a kobold demonologist
  6489 | Bailey   | Killed a kobold demonologist
  6493 | Bailey   | Noticed an orange demon
  6494 | Bailey   | Killed an orc sorcerer
  6495 | Bailey   | Reached skill level 5 in Shapeshifting
  7152 | D:6      | Bought a warped chain mail for 266 gold pieces
  7152 | D:6      | Identified the +1 chain mail "Sonupn" {rElec} (You bought
                  | it in a shop on level 6 of the Dungeon)
  7152 | D:6      | Bought a shiny chain mail for 210 gold pieces
  7292 | D:8      | Noticed Gastronok
  7313 | D:8      | Killed Gastronok
  7314 | D:8      | Reached skill level 5 in Conjurations
  7314 | D:8      | Reached skill level 5 in Hexes
  7314 | D:8      | Reached skill level 5 in Summonings
  7314 | D:8      | Reached skill level 5 in Necromancy
  7314 | D:8      | Reached skill level 5 in Translocations
  7314 | D:8      | Reached skill level 5 in Transmutations
  7314 | D:8      | Reached skill level 5 in Fire Magic
  7314 | D:8      | Reached skill level 5 in Ice Magic
  7314 | D:8      | Reached skill level 5 in Air Magic
  7314 | D:8      | Reached skill level 5 in Earth Magic
  7314 | D:8      | Reached skill level 5 in Poison Magic
  7314 | D:8      | Reached XP level 11. HP: 89/89 MP: 18/20
  7383 | D:8      | Noticed Jeremiah
  7394 | D:8      | Killed Jeremiah
  7496 | D:8      | Noticed Maggie
  7506 | D:8      | Killed Maggie
  7665 | D:8      | Found a staircase to the Lair.
  7911 | D:9      | Found an ancient bone altar of Kikubaaqudgha.
  8042 | D:9      | Found a faded altar of an unknown god.
  8042 | D:9      | Found a glowing golden altar of the Shining One.
  8050 | D:9      | Found a sacrificial altar of Ru.
  8052 | D:9      | Found a faded altar of an unknown god.
  8054 | D:9      | Found a radiant altar of Vehumet.
  8124 | D:9      | Found an ornate altar of the Wu Jian Council.
  8475 | D:9      | Noticed a two-headed ogre
  8490 | D:9      | Killed a two-headed ogre
  8721 | D:10     | Entered Level 10 of the Dungeon
  8927 | D:10     | Noticed a manticore
  8927 | D:10     | Noticed a tengu warrior
  8944 | D:10     | Killed a tengu warrior
  8968 | D:10     | Killed a manticore
  9237 | D:10     | Found Piudd's Distillery.
  9243 | D:10     | Bought a potion of ambrosia for 88 gold pieces
  9243 | D:10     | Bought a potion of cancellation for 88 gold pieces
  9243 | D:10     | Bought a potion of invisibility for 88 gold pieces
  9293 | D:10     | Reached ***** piety under Trog
  9394 | D:10     | Found a white marble altar of Elyvilon.
  9865 | D:11     | Noticed Maurice
  9875 | D:11     | Killed Maurice
 10044 | D:11     | Reached XP level 12. HP: 72/96 MP: 22/22
 10236 | D:11     | Found a staircase to the Orcish Mines.
 10430 | D:11     | Noticed Harold
 10439 | D:11     | Killed Harold
 10765 | D:12     | Noticed Rupert
 10775 | D:12     | Killed Rupert
 10776 | D:12     | Reached skill level 10 in Fighting
 10776 | D:12     | Reached skill level 10 in Axes
 11425 | D:13     | Noticed a centaur warrior
 11438 | D:13     | Killed a centaur warrior
 11800 | D:13     | Noticed a vault guard
 11800 | D:13     | Noticed a vault guard
 11811 | D:13     | Killed a vault guard
 11812 | D:13     | Reached XP level 13. HP: 104/104 MP: 23/25
 11818 | D:13     | Killed a vault guard
 11861 | D:13     | Noticed a vault guard
 11862 | D:13     | Found a gate to the Vaults.
 11873 | D:13     | Killed a vault guard
 12631 | IceCv    | Identified the "Mibosusm"
 12631 | Lair:1   | Entered Level 1 of the Lair of Beasts
 12682 | Lair:1   | Noticed Joseph
 12697 | Lair:1   | Killed Joseph
 12968 | Lair:1   | Found a frozen archway.
 12982 | IceCv    | Entered an ice cave
 13205 | IceCv    | Reached skill level 10 in Armour
 13205 | IceCv    | Reached skill level 10 in Dodging
 13384 | IceCv    | Reached XP level 14. HP: 113/113 MP: 25/27
 13460 | IceCv    | Noticed a frost giant
 13486 | IceCv    | Killed a frost giant
 13545 | IceCv    | Identified the +5 giant spiked club of Nemelex Xobeh's
                  | Esteem {spect, Int+3}
 14211 | Gauntlet | Identified the of Pamuynk
 14215 | Lair:2   | Reached skill level 10 in Invocations
 14253 | Lair:2   | Noticed Nergalle
 14265 | Lair:2   | Killed Nergalle
 14323 | Lair:2   | Found a staircase to the Snake Pit.
 14397 | Lair:2   | Found a staircase to the Shoals.
 14470 | Lair:2   | Found a gate leading to a gauntlet.
 14483 | Gauntlet | Entered a Gauntlet
 14483 | Gauntlet | Found a transporter.
 14483 | Gauntlet | Found a transporter.
 14483 | Gauntlet | Found a transporter.
 14495 | Gauntlet | Found a transporter.
 14499 | Gauntlet | Found a transporter.
 14500 | Gauntlet | Found a transporter.
 14506 | Gauntlet | Found a transporter.
 14508 | Gauntlet | Found a transporter.
 14510 | Gauntlet | Found a transporter.
 14514 | Gauntlet | Noticed a quicksilver ooze
 14515 | Gauntlet | Found a transporter.
 14518 | Gauntlet | Found a transporter.
 14518 | Gauntlet | Noticed a reaper
 14519 | Gauntlet | Found a transporter.
 14600 | Gauntlet | Found a runed translucent door.
 14791 | Gauntlet | Identified the +1 helmet "Selojyxt" {Harm Str+4}
 15065 | Lair:2   | Noticed Urug
 15076 | Lair:2   | Killed Urug
 15168 | Lair:2   | Noticed Fannar
 15178 | Lair:2   | Killed Fannar
 16887 | Lair:3   | Received a gift from Trog
 17229 | Lair:4   | Reached XP level 15. HP: 116/120 MP: 28/28
 17853 | Lair:5   | Entered Level 5 of the Lair of Beasts
 17860 | Lair:5   | Reached skill level 10 in Short Blades
 17860 | Lair:5   | Reached skill level 10 in Long Blades
 17860 | Lair:5   | Reached skill level 10 in Maces & Flails
 17860 | Lair:5   | Reached skill level 10 in Polearms
 17860 | Lair:5   | Reached skill level 10 in Staves
 17860 | Lair:5   | Reached skill level 10 in Ranged Weapons
 17860 | Lair:5   | Reached skill level 10 in Throwing
 17860 | Lair:5   | Reached skill level 10 in Stealth
 17860 | Lair:5   | Reached skill level 10 in Shields
 17860 | Lair:5   | Reached skill level 10 in Unarmed Combat
 17860 | Lair:5   | Reached skill level 10 in Spellcasting
 17860 | Lair:5   | Reached skill level 10 in Evocations
 18004 | Lair:5   | Found a staircase to the Slime Pits.
 18004 | Lair:5   | Found a viscous altar of Jiyva.
 18746 | Lair:5   | Found a blossoming altar of Fedhas.
 19115 | Lair:5   | Identified the +1 rapier "Bybyzxiun" {flame, Drain Str+3
                  | Int+3 SInv}
 19593 | D:13     | Acquired the amulet "Okkagroj" {Reflect +Inv SH+5 SInv}
 19823 | D:14     | Found a radiant altar of Vehumet.
 20259 | D:14     | Noticed a fire giant
 20412 | D:14     | Killed a fire giant
 20742 | D:15     | Entered Level 15 of the Dungeon
 21042 | D:15     | Noticed Jorgrun
 21050 | D:15     | Killed Jorgrun
 21142 | D:15     | Reached XP level 16. HP: 121/129 MP: 30/30
 21337 | D:15     | Found a staircase to the Depths.
 21467 | D:15     | Identified the +2 demon blade "Xydosid" {antimagic, rC+}
                  | (Trog gifted it to you on level 15 of the Dungeon)
 21467 | D:15     | Received a gift from Trog
 22111 | Orc:1    | Entered Level 1 of the Orcish Mines
 22159 | Orc:1    | Reached skill level 10 in Shapeshifting
 22335 | Orc:1    | Killed from afar by a deep elf zephyrmancer

Illustrated notes

Levels and vault maps discovered:
D:1:      ncdulo_watergridlock, layout_rooms, item_on_display_a
D:2:      cheibrodos_old_hovel, layout_basic, basic_altar,
          chequers_decorated_corner, minmay_gold_behind_fungi,
          minmay_liquid_box, nicolae_kite_square_tiling_tiny,
          uniq_crazy_yiuf_cottage
D:3:      layout_loops_ring, nemelex_xobeh_ov_fountains_minmay,
          gup_sewer_entry_bowl, kennysheep_generic_room_13
D:4:      layout_basic, bloody_trog, serial_shops, shop, uniq_pikel,
          uniq_sigmund, uniq_robin
D:5:      layout_basic, minmay_temple_entry_overgrown,
          minmay_misc_feat_more_columns, kb_lookout_dungeons_type, uniq_edmund
D:6:      layout_loops_ring, serial_shops, nicolae_inconvenience_store
D:7:      layout_basic
D:8:      layout_loops_ring, nicolae_overflow_hidden_temple, lair_entry_dummy,
          enter_bailey_6, uniq_jeremiah, uniq_gastronok, uniq_maggie
D:9:      layout_stronghold, nicolae_overflow_crystal_walls,
          chequers_temple_overflow_minitemple,
          mainiacjoe_overflow_concentric_impassable, bh_circular_ruins
D:10:     layout_roguey, nicolae_elyvilon_peaceful_grove, serial_shops, shop
D:11:     layout_small_grid, david_orc_3, grunt_ministairs_14, uniq_harold,
          uniq_maurice
D:12:     layout_long_grid, lemuel_flamethrower_3, uniq_rupert
D:13:     layout_irregular_city, ximxim_vaults_locker_room,
          minmay_misc_feat_nine_boxes
D:14:     layout_rooms, lemuel_crystal_altar, minmay_misc_feat_diagonals,
          kennysheep_four_rooms
D:15:     hangedman_depths_entry_try_elsewhere_first, layout_irregular_city,
          uniq_jorgrun
Lair:1:   layout_regular_city, portal_ice_cave_entry_ice_simulacra,
          enter_volcano_1, nicolae_lair_run_with_the_wolves,
          serial_bayou_shore_b, uniq_joseph
Lair:2:   layout_hall_layers, shoals_dummy_entry,
          minmay_snake_entry_six_corridors, gauntlet_entry_generic,
          beast_lair_carwin_5, uniq_urug, uniq_nergalle, uniq_fannar
Lair:3:   onia_ninara_swampy_vault, layout_loops_ring
Lair:4:   layout_roguey, chequers_serial_rivers_small_a, grunt_megastairs_5
Lair:5:   gammafunk_lair_ancient_temple, layout_regular_city, slime_entry_1,
          tgw_fedhas
Orc:1:    layout_diamond_mine, elves_outpost_lemuel

Skill      XL: |  1  2  3  4  5  6  7  8  9 10 11 12 13 14 15 16 |
---------------+-------------------------------------------------+-----
Invocations    | 1 2 3 4 5 6 7 8 9 10 11 | 11.9
Short Blades   | 1 2 3 4 6 8 9 10 | 10.9
Long Blades    | 1 2 3 4 6 8 9 10 | 10.9
Maces & Flails | 1 2 3 4 6 8 9 10 | 10.9
Polearms       | 1 2 3 4 6 8 9 10 | 10.9
Staves         | 1 2 3 4 6 8 9 10 | 10.9
Ranged Weapons | 1 2 3 4 6 8 9 10 | 10.9
Throwing       | 1 2 3 4 6 8 9 10 | 10.9
Stealth        | 1 2 3 4 6 8 9 10 | 10.9
Shields        | 1 2 3 4 6 8 9 10 | 10.9
Unarmed Combat | 1 2 3 4 6 8 9 10 | 10.9
Spellcasting   | 1 2 3 4 6 8 9 10 | 10.9
Evocations     | 1 2 3 4 6 8 9 10 | 10.9
Shapeshifting  | 1 2 3 4 5 6 7 8 9 10 | 10.0
Conjurations   | 1 2 3 4 5 6 7 8 9 |  9.2
Hexes          | 1 2 3 4 5 6 7 8 9 |  9.2
Summonings     | 1 2 3 4 5 6 7 8 9 |  9.2
Necromancy     | 1 2 3 4 5 6 7 8 9 |  9.2
Translocations | 1 2 3 4 5 6 7 8 9 |  9.2
Transmutations | 1 2 3 4 5 6 7 8 9 |  9.2
Fire Magic     | 1 2 3 4 5 6 7 8 9 |  9.2
Ice Magic      | 1 2 3 4 5 6 7 8 9 |  9.2
Air Magic      | 1 2 3 4 5 6 7 8 9 |  9.2
Earth Magic    | 1 2 3 4 5 6 7 8 9 |  9.2
Poison Magic   | 1 2 3 4 5 6 7 8 9 |  9.2
Armour         | 5 6 7 8 9 10 11 | 11.8
Dodging        | 5 6 7 8 9 10 11 | 11.8
Fighting       | 7 8 9 10 11 12 | 12.6
Axes           | 7 8 9 10 11 12 | 12.6

Action                     |  1- 3 |  4- 6 |  7- 9 | 10-12 | 13-15 | 16-18 || total
---------------------------+-------+-------+-------+-------+-------+-------++-------
  Melee: Hand axe          |    67 |    11 |       |       |       |       ||    78
         Bite              |     8 |     4 |    30 |    70 |   147 |    17 ||   276
         Punch             |     2 |     1 |    11 |    20 |     1 |       ||    35
         Falchion          |     1 |    42 |       |       |       |       ||    43
         Broad axe         |       |    33 |   287 |   110 |       |       ||   430
         Battleaxe         |       |       |       |   117 |       |       ||   117
         War axe           |       |       |       |   301 |  1016 |   121 ||  1438
  Throw: Dart              |       |       |       |     1 |    41 |    11 ||    53
         Javelin           |       |       |       |     2 |     7 |     7 ||    16
 Invoke: Berserk           |     3 |     2 |     9 |    10 |    16 |     4 ||    44
         Trog's Hand       |       |     1 |     1 |    11 |     9 |     2 ||    24
         Brothers in Arms  |       |       |       |     1 |     2 |       ||     3
  Evoke: Wand              |       |       |       |    13 |     2 |       ||    15
    Use: Scroll            |       |     6 |     6 |     8 |     8 |       ||    28
   Stab: Sleeping          |       |       |     1 |       |       |       ||     1
         Distracted        |       |       |       |     1 |       |       ||     1
         Confused          |       |       |       |       |     1 |       ||     1
 Armour: Animal skin       |     4 |       |       |       |       |       ||     4
         Ring mail         |    24 |    63 |     8 |       |       |       ||    95
         Chain mail        |       |       |   328 |   633 |   222 |       ||  1183
         Scale mail        |       |       |       |    36 |       |       ||    36
         Crystal plate arm |       |       |       |       |   681 |    99 ||   780
  Dodge: Dodged            |    52 |    51 |   223 |   350 |   279 |    15 ||   970
  Block: Kite shield       |       |       |       |       |   712 |   114 ||   826
         Reflection        |       |       |       |       |     1 |     1 ||     2

Table legend: (Time is in decaauts)
 A = Elapsed time spent in this place.
 B = Non-inter-level travel time spent in this place.
 C = Inter-level travel time spent in this place.
 D = Time resting spent in this place.
 E = Time spent auto-exploring this place.
 F = Levels seen in this place.
 G = Mean time per level.
                   A        B        C        D        E       F      G
               +--------+--------+--------+--------+--------+-----+--------+
         Total |  23024 |  20442 |   2582 |   2295 |  12934 |  25 |  921.0 |
       Dungeon |  14888 |  12736 |   2152 |   1339 |   8846 |  15 |  992.5 |
          Lair |   5579 |   5150 |    429 |    476 |   3057 |   5 | 1115.8 |
  Orcish Mines |    184 |    184 |      0 |      0 |     72 |   1 |  184.0 |
         Sewer |    243 |    243 |      0 |     63 |    118 |   1 |  243.0 |
        Bailey |    887 |    887 |      0 |    237 |    370 |   1 |  887.0 |
      Ice Cave |    731 |    731 |      0 |    104 |    217 |   1 |  731.0 |
      Gauntlet |    509 |    509 |      0 |     73 |    253 |   1 |  509.0 |
               +--------+--------+--------+--------+--------+-----+--------+

Top non-repeatable levels by time:
  Lair:5: 1531 daAuts
     D:6: 1455 daAuts
  Lair:3: 1402 daAuts
    D:15: 1280 daAuts
    D:13: 1167 daAuts
     D:8: 1083 daAuts
    D:14: 1077 daAuts
     D:7: 1067 daAuts
     D:4: 1067 daAuts
    D:10: 1064 daAuts
  Lair:1: 1056 daAuts
     D:2: 1007 daAuts
     D:9: 954 daAuts
  Lair:2: 906 daAuts
  Bailey: 887 daAuts
